BSA
LOS CABOS CARTEL @ BIRMINGHAM STEELDOGS
09/09/2024
 
TOP OF THE 1ST
Los Cabos Cartel batting - Pitching for Birmingham Steeldogs : RHP Barton Johnson
Pitching: RHP Barton Johnson
Batting: RHB Dan Mason 0-0: SINGLE (Groundball, 5D)
Batting: LHB Luis González 0-0: Ball
Dan Mason is caught stealing 2nd base
1-0: Called Strike
1-1: Foul Ball, location: 2F
1-2: Strikes out swinging
Batting: RHB Víctor Solano 0-0: Called Strike
0-1: Fly out, F8 (Flyball, 8LM)
Top of the 1st over - 0 run(s), 1 hit(s), 0 error(s), 0 left on base; Los Cabos 0 - Birmingham 0
BOTTOM OF THE 1ST
Birmingham Steeldogs batting - Pitching for Los Cabos Cartel : RHP Juan Velázquez
Pitching: RHP Juan Velázquez
Batting: RHB Mario Hernández 0-0: Ground out 5-3 (Groundball, 15S)
Batting: LHB José Sánchez 0-0: Ball
1-0: SINGLE (Line Drive, 89M)
Batting: LHB Chris Miller 0-0: Ball
1-0: Swinging Strike
1-1: Foul Ball, location: 2F
1-2: Foul Ball, location: 2F
1-2: Ball
2-2: Ball
3-2: Base on Balls
José Sánchez to second
Batting: LHB Arturo Molina 0-0: Called Strike
0-1: SINGLE (Groundball, 5D)
José Sánchez to third
Chris Miller to second
Runner from 3rd tries for Home, SAFE, no throw or cutoff
Batting: RHB Eric Johnson 0-0: Called Strike
0-1: DOUBLE (Groundball, 5L)
Chris Miller scores
Arturo Molina to third
Batting: LHB Mitchell Oglethorpe 0-0: Ball
1-0: Ball
2-0: Ball
3-0: Called Strike
3-1: Foul Ball, location: 2F
3-2: Base on Balls
Batting: SHB Jesús Ramírez 0-0: Ball
1-0: Foul Ball, location: 2F
1-1: Foul Ball, location: 2F
1-2: Grounds into double play, 6-4-3 (Groundball, 6)
Bottom of the 1st over - 2 run(s), 3 hit(s), 0 error(s), 2 left on base; Los Cabos 0 - Birmingham 2
TOP OF THE 2ND
Los Cabos Cartel batting - Pitching for Birmingham Steeldogs : RHP Barton Johnson
Batting: LHB Marc Brown 0-0: Called Strike
0-1: Foul Ball, location: 2F
0-2: Ball
1-2: Ball
2-2: Strikes out looking
Batting: RHB Stephen Wilson 0-0: Called Strike
0-1: Ball
1-1: Foul Ball, location: 2F
1-2: Strikes out swinging
Batting: LHB Manny Quiñones 0-0: Foul Ball, location: 2F
0-1: Ball
1-1: Foul Ball, location: 2F
1-2: Strikes out looking
Top of the 2nd over - 0 run(s), 0 hit(s), 0 error(s), 0 left on base; Los Cabos 0 - Birmingham 2
BOTTOM OF THE 2ND
Birmingham Steeldogs batting - Pitching for Los Cabos Cartel : RHP Juan Velázquez
Batting: LHB Ben Kelley 0-0: Ball
1-0: Foul Ball, location: 2F
1-1: Foul Ball, location: 2F
1-2: Ball
2-2: Strikes out swinging, 2-3 out at first.
Batting: SHB Masafumi Azuma 0-0: Fly out, F9 (Line Drive, 89M)
Batting: RHB Mario Hernández 0-0: Called Strike
0-1: Ball
1-1: Swinging Strike
1-2: SINGLE (Groundball, 34D)
Batting: LHB José Sánchez 0-0: Called Strike
0-1: Ball
1-1: Called Strike
1-2: Ground out 4-3 (Groundball, 34)
Bottom of the 2nd over - 0 run(s), 1 hit(s), 0 error(s), 1 left on base; Los Cabos 0 - Birmingham 2
TOP OF THE 3RD
Los Cabos Cartel batting - Pitching for Birmingham Steeldogs : RHP Barton Johnson
Batting: RHB Dillon Nelson 0-0: Swinging Strike
0-1: Ball
1-1: Ground out 5-3 (Groundball, 5)
Batting: LHB José Rivas 0-0: Called Strike
0-1: Called Strike
0-2: Ball
1-2: Fly out, F8 (Flyball, 8LD)
Batting: RHB Oliver Lugo 0-0: Foul Ball, location: 2F
0-1: Swinging Strike
0-2: Ball
1-2: Strikes out looking
Top of the 3rd over - 0 run(s), 0 hit(s), 0 error(s), 0 left on base; Los Cabos 0 - Birmingham 2
BOTTOM OF THE 3RD
Birmingham Steeldogs batting - Pitching for Los Cabos Cartel : RHP Juan Velázquez
Batting: LHB Chris Miller 0-0: Ball
1-0: Fly out, F5 (Popup, 5F)
Batting: LHB Arturo Molina 0-0: Called Strike
0-1: Swinging Strike
0-2: Ball
1-2: Ball
2-2: Strikes out looking
Batting: RHB Eric Johnson 0-0: Ball
1-0: Fly out, F8 (Flyball, 89D)
Bottom of the 3rd over - 0 run(s), 0 hit(s), 0 error(s), 0 left on base; Los Cabos 0 - Birmingham 2
TOP OF THE 4TH
Los Cabos Cartel batting - Pitching for Birmingham Steeldogs : RHP Barton Johnson
Batting: RHB Dan Mason 0-0: SINGLE (Groundball, 56D)
Batting: LHB Luis González 0-0: Ball
1-0: SINGLE (Groundball, 34)
Dan Mason to second
Runner from 2nd tries for 3rd, SAFE, no throw or cutoff
Batting: RHB Víctor Solano 0-0: Called Strike
0-1: Ball
1-1: Ball
2-1: Called Strike
Luis González steals 2nd base
2-2: Ground out 6-3 (Groundball, 6)
Dan Mason scores
Luis González to third
Batting: LHB Marc Brown 0-0: Called Strike
0-1: Ball
1-1: Foul Ball, location: 2F
1-2: Fly out, F1 (Line Drive, 13)
Batting: RHB Stephen Wilson 0-0: Ball
1-0: Called Strike
1-1: Swinging Strike
1-2: DOUBLE (Flyball, 78XD)
Luis González scores
Batting: LHB Manny Quiñones 0-0: 2-RUN HOME RUN (Flyball, 8LXD), Distance : 425 ft
Batting: RHB Dillon Nelson 0-0: Ball
1-0: Ball
2-0: DOUBLE (Groundball, 5L)
Batting: LHB José Rivas 0-0: Ball
1-0: Ball
2-0: Foul Ball, location: 2F
2-1: Ground out 6-3 (Groundball, 6M)
Top of the 4th over - 4 run(s), 5 hit(s), 0 error(s), 1 left on base; Los Cabos 4 - Birmingham 2
BOTTOM OF THE 4TH
Birmingham Steeldogs batting - Pitching for Los Cabos Cartel : RHP Juan Velázquez
Now in CF: Edgardo Madrid
Batting: LHB Mitchell Oglethorpe 0-0: Called Strike
0-1: Swinging Strike
0-2: Ball
1-2: SINGLE (Line Drive, 6MD)
Batting: SHB Jesús Ramírez 0-0: Ball
1-0: Foul Ball, location: 2F
1-1: Ball
2-1: Called Strike
2-2: Foul Ball, location: 2F
2-2: SINGLE (Groundball, 4MD)
Mitchell Oglethorpe to second
Runner from 2nd tries for 3rd, SAFE, throw made to third
Batting: LHB Ben Kelley 0-0: Called Strike
0-1: DOUBLE (Line Drive, 7LM)
Mitchell Oglethorpe scores
Jesús Ramírez to third
Batting: SHB Masafumi Azuma 0-0: 3-RUN HOME RUN (Flyball, 9D), Distance : 391 ft
Batting: RHB Mario Hernández 0-0: Ball
1-0: Foul Ball, location: 2F
1-1: Foul Ball, location: 2F
1-2: Ball
2-2: SINGLE (Groundball, 6MD)
Batting: LHB José Sánchez 0-0: Ball
1-0: Ball
2-0: Ball
3-0: Called Strike
3-1: Fly out, F6 (Popup, 6D)
Batting: LHB Chris Miller 0-0: Foul Ball, location: 2F
0-1: Ball
1-1: Called Strike
1-2: Fly out, F6 (Line Drive, 6M)
Batting: LHB Arturo Molina 0-0: Ball
Mario Hernández steals 2nd base
1-0: Called Strike
1-1: Ground out 4-3 (Groundball, 4)
Bottom of the 4th over - 4 run(s), 5 hit(s), 0 error(s), 1 left on base; Los Cabos 4 - Birmingham 6
TOP OF THE 5TH
Los Cabos Cartel batting - Pitching for Birmingham Steeldogs : RHP Barton Johnson
Batting: RHB Edgardo Madrid 0-0: Ball
1-0: Foul Ball, location: 2F
1-1: Ball
2-1: Ball
3-1: Called Strike
3-2: Foul Ball, location: 2F
3-2: Strikes out looking
Batting: RHB Dan Mason 0-0: Swinging Strike
0-1: Ball
1-1: Called Strike
1-2: Ball
2-2: DOUBLE (Line Drive, 8RM)
Batting: LHB Luis González 0-0: Fly out, F6 (Popup, 6MD)
Batting: RHB Víctor Solano 0-0: Foul Ball, location: 2F
0-1: Foul Ball, location: 2F
0-2: Foul Ball, location: 2F
0-2: Foul Ball, location: 2F
0-2: Strikes out swinging
Top of the 5th over - 0 run(s), 1 hit(s), 0 error(s), 1 left on base; Los Cabos 4 - Birmingham 6
BOTTOM OF THE 5TH
Birmingham Steeldogs batting - Pitching for Los Cabos Cartel : RHP Juan Velázquez
Batting: RHB Eric Johnson 0-0: Ground out 6-3 (Groundball, 6)
Batting: LHB Mitchell Oglethorpe 0-0: Foul Ball, location: 2F
0-1: Called Strike
0-2: Ball
1-2: Fly out, F7 (Flyball, 7M)
Batting: SHB Jesús Ramírez 0-0: Ball
1-0: Called Strike
1-1: Ball
2-1: Ball
3-1: Swinging Strike
3-2: Base on Balls
Batting: LHB Ben Kelley 0-0: Ground out U3 (Groundball, 3S)
Bottom of the 5th over - 0 run(s), 0 hit(s), 0 error(s), 1 left on base; Los Cabos 4 - Birmingham 6
TOP OF THE 6TH
Los Cabos Cartel batting - Pitching for Birmingham Steeldogs : RHP Barton Johnson
Batting: LHB Marc Brown 0-0: Called Strike
0-1: Ball
1-1: Foul Ball, location: 2F
1-2: SINGLE (Groundball, 4MD)
Batting: RHB Stephen Wilson 0-0: Ball
Marc Brown is caught stealing 2nd base
1-0: Called Strike
1-1: Called Strike
1-2: Ball
2-2: Strikes out looking
Batting: LHB Manny Quiñones 0-0: Foul Ball, location: 2F
0-1: Ball
1-1: Foul Ball, location: 2F
1-2: Ball
2-2: Ground out 6-3 (Groundball, 6)
Top of the 6th over - 0 run(s), 1 hit(s), 0 error(s), 0 left on base; Los Cabos 4 - Birmingham 6
BOTTOM OF THE 6TH
Birmingham Steeldogs batting - Pitching for Los Cabos Cartel : RHP Juan Velázquez
Batting: SHB Masafumi Azuma 0-0: Called Strike
0-1: Ball
1-1: Foul Ball, location: 2F
1-2: Ground out U3 (Groundball, 3S)
Batting: RHB Mario Hernández 0-0: Ground out 6-3 (Groundball, 6)
Batting: LHB José Sánchez 0-0: Called Strike
0-1: Called Strike
0-2: Ball
1-2: Ball
2-2: SINGLE (Groundball, 3L) (infield hit)
Batting: LHB Chris Miller 0-0: Ball
1-0: Foul Ball, location: 2F
1-1: SINGLE (Groundball, 34D)
José Sánchez to second
Runner from 2nd tries for 3rd, SAFE, throw made to third
Chris Miller to second
Batting: LHB Arturo Molina 0-0: Fly out, F5 (Popup, 5F)
Bottom of the 6th over - 0 run(s), 2 hit(s), 0 error(s), 2 left on base; Los Cabos 4 - Birmingham 6
TOP OF THE 7TH
Los Cabos Cartel batting - Pitching for Birmingham Steeldogs : RHP Barton Johnson
Batting: RHB Dillon Nelson 0-0: Foul Ball, location: 2F
0-1: Ball
1-1: Swinging Strike
1-2: Ball
2-2: Strikes out swinging
Batting: LHB José Rivas 0-0: Foul Ball, location: 2F
0-1: Ball
1-1: SINGLE (Groundball, 5D)
Batting: RHB Edgardo Madrid 0-0: Ball
1-0: Called Strike
1-1: Swinging Strike
1-2: Ball
2-2: Ball
3-2: Strikes out swinging
José Rivas steals 2nd base
Batter strikes out.
Batting: RHB Dan Mason 0-0: Ball
1-0: Ground out 6-3 (Groundball, 6M)
Top of the 7th over - 0 run(s), 1 hit(s), 0 error(s), 1 left on base; Los Cabos 4 - Birmingham 6
BOTTOM OF THE 7TH
Birmingham Steeldogs batting - Pitching for Los Cabos Cartel : RHP Juan Velázquez
Batting: RHB Eric Johnson 0-0: Reached on error, E6 (Groundball, 6)
Batting: LHB Mitchell Oglethorpe Pickoff Throw to First - Out!
0-0: Ball
1-0: Ball
2-0: Ball
3-0: Base on Balls
Batting: SHB Jesús Ramírez 0-0: Called Strike
0-1: Fielders Choice at 2nd, 4-6 (Groundball, 34)
Batting: LHB Ben Kelley 0-0: Foul Ball, location: 2F
0-1: SINGLE (Line Drive, 56D)
Jesús Ramírez to second
Pinch Hitting: RHB Raúl Soto 0-0: Called Strike
0-1: Swinging Strike
0-2: Foul Ball, location: 2F
0-2: Fly out, F7 (Flyball, 7M)
Bottom of the 7th over - 0 run(s), 1 hit(s), 1 error(s), 2 left on base; Los Cabos 4 - Birmingham 6
TOP OF THE 8TH
Los Cabos Cartel batting - Pitching for Birmingham Steeldogs : RHP Barton Johnson
Pitching: RHP Víctor Reyes
Now at SS: Nick Webb
Batting: LHB Luis González 0-0: Swinging Strike
0-1: Ball
1-1: Called Strike
1-2: Foul Ball, location: 2F
1-2: Ball
2-2: Ball
3-2: Foul Ball, location: 2F
3-2: Base on Balls
Batting: RHB Víctor Solano 0-0: Called Strike
0-1: Ball
1-1: Grounds into double play, 6-4-3 (Groundball, 6)
Batting: LHB Marc Brown 0-0: Swinging Strike
0-1: Ball
1-1: Foul Ball, location: 2F
1-2: Ball
2-2: Foul Ball, location: 2F
2-2: Ball
3-2: Foul Ball, location: 2F
3-2: SINGLE (Flyball, 7S)
Batting: RHB Stephen Wilson 0-0: Called Strike
0-1: Ball
1-1: Ground out 5-3 (Groundball, 5)
Top of the 8th over - 0 run(s), 1 hit(s), 0 error(s), 1 left on base; Los Cabos 4 - Birmingham 6
BOTTOM OF THE 8TH
Birmingham Steeldogs batting - Pitching for Los Cabos Cartel : RHP Juan Velázquez
Pitching: LHP José Santana
Batting: RHB Mario Hernández 0-0: Foul Ball, location: 2F
0-1: Ball
1-1: Ground out 4-3 (Groundball, 4M)
Batting: LHB José Sánchez 0-0: Ball
1-0: Swinging Strike
1-1: Called Strike
1-2: Ball
2-2: Ball
3-2: Fly out, F9 (Line Drive, 89M)
Batting: LHB Chris Miller 0-0: Called Strike
0-1: Ball
1-1: Ground out 4-3 (Groundball, 4)
Bottom of the 8th over - 0 run(s), 0 hit(s), 0 error(s), 0 left on base; Los Cabos 4 - Birmingham 6
TOP OF THE 9TH
Los Cabos Cartel batting - Pitching for Birmingham Steeldogs : RHP Víctor Reyes
Pitching: RHP David Simpson
Batting: LHB Manny Quiñones 0-0: Ball
1-0: Called Strike
1-1: Swinging Strike
1-2: Strikes out looking
Batting: RHB Dillon Nelson 0-0: Ball
1-0: Ball
2-0: Ground out 5-3 (Groundball, 56S)
Batting: LHB José Rivas 0-0: Ball
1-0: Called Strike
1-1: Ground out 3-1 (Groundball, 34S)
Top of the 9th over - 0 run(s), 0 hit(s), 0 error(s), 0 left on base; Los Cabos 4 - Birmingham 6
This league is powered by Out of the Park Baseball, the baseball management simulation game for PC, Mac and Linux
Saturday, April 9th, 2016 - OOTP Baseball 16.8 Build 38